 Dungeon Crawl Stone Soup version 0.27-a0-1512-g99fd57bada (webtiles) character file.

Game seed: 17704342500109995138

29089 Majang the Fighter (level 13, -3/103 HPs)
             Began as a Djinni Fire Elementalist on July 7, 2021.
             Was a Believer of Makhleb.
             Slain by a reaper (40 damage)
             ... in a Gauntlet on July 9, 2021.
             The game lasted 01:42:44 (16683 turns).

Majang the Fighter (Djinni Fire Elementalist)      Turns: 16683, Time: 01:42:44

Health: -3/103     AC:  9    Str:  9    XL:     13   Next: 78%
Gold:   1562       EV: 18    Int: 31    God:    Makhleb [**....] SH: 11 Dex: 18

rFire    + + .     SeeInvis +   a - +2 whip (elec)
rCold    + . .     Faith    .   p - +1 buckler
rNeg     . . .     Spirit   .   R - +1 troll leather armour
rPois    ∞         Reflect  +   E - +1 hat
rElec    .         Harm     .   (no cloak)
rCorr    .         Rampage  .   d - +2 pair of gloves {Dex+3}
Will     +....     NoTele   +   (boots unavailable)
Stlth    ++........             C - amulet of the Hidden Orbs {Reflect rC+ Str+2 Int+4 SH+5 SInv}
HPRegen  1.27/turn              M - +6 ring of intelligence
MPRegen  0.00/turn              N - ring of protection from cold

@: immobile, flying, very slightly contaminated, studying Fighting
A: sickness immunity, fire resistance 2, cold vulnerability 1, float, innate
caster, hp casting, extra vitality 1
a: Renounce Religion, Minor Destruction


You were in a Gauntlet.
You worshipped Makhleb.
Makhleb was pleased with you.
You visited 3 branches of the dungeon, and saw 14 of its levels.
You also visited: Gauntlet.

You collected 1562 gold pieces.

Inventory:

Hand Weapons
 a - a +2 whip of electrocution (weapon)
 b - a +1 whip of freezing
 l - a +0 hand axe
Missiles
 i - 3 boomerangs
 m - 10 silver boomerangs
Armour
 d - a +2 pair of gloves of dexterity (worn)
 p - a +1 buckler (worn)
 y - a +3 leather armour of willpower
 z - a +2 robe of fire resistance
 E - a +1 hat (worn)
 R - a +1 troll leather armour (worn)
Jewellery
 h - a ring of protection from fire
 q - a ring of resist corrosion
 r - a ring of positive energy
 s - the amulet "Loemp" {Regen+ Stlth+}
   (You acquired it on level 10 of the Dungeon)

   [amulet of regeneration]

   Regen:     It increases your rate of health regeneration.
   Stlth:     It makes you more stealthy.
 A - a ring of see invisible
 C - the amulet of the Hidden Orbs (around neck) {Reflect rC+ Str+2 Int+4 SH+5 SInv}
   (You acquired it on level 2 of the Lair of Beasts)

   [amulet of reflection]

   It reflects blocked missile attacks.
   Str:       It affects your strength (+2).
   Int:       It affects your intelligence (+4).
   rC:        It protects you from cold.
   SInv:      It lets you see invisible.
   SH:        It affects your SH (+5).
 M - a +6 ring of intelligence (left hand)
 N - a ring of protection from cold (right hand)
Wands
 o - a wand of flame (60)
 w - a wand of digging (4)
 x - a wand of mindburst (1)
 J - a wand of iceblast (25)
Scrolls
 f - 4 scrolls of identify
 g - 5 scrolls of teleportation
 n - 2 scrolls of holy word
 F - a scroll of fog
 I - a scroll of magic mapping
Potions
 c - 6 potions of lignification
 e - 2 potions of haste
 j - 6 potions of curing
 k - 2 potions of magic
 t - 7 potions of heal wounds
 u - 3 potions of attraction
 v - a potion of mutation
 B - a potion of cancellation
 D - 5 potions of ambrosia
 H - a potion of resistance
Miscellaneous
 G - a box of beasts (inert)


   Skills:
 + Level 13.0 Fighting
 + Level 6.6 Maces & Flails
 + Level 11.1 Dodging
 - Level 1.5 Stealth
 - Level 4.0 Shields
 + Level 8.2 Spellcasting
 + Level 7.2 Invocations
 + Level 9.3 Evocations


You couldn't memorise any spells.
You knew the following spells:

 Your Spells              Type           Power      Damage    Failure   Level
a - Foxfire               Conj/Fire      100%       2x1d9     1%          1
b - Conjure Flame         Conj/Fire      59%        6-21      1%          3
c - Mephitic Cloud        Conj/Pois/Air  59%        N/A       1%          3
d - Silence               Hex/Air        29%        N/A       5%          5
f - Fireball              Conj/Fire      29%        3d13      5%          5
n - Sticky Flame          Conj/Fire      59%        2d7       1%          4
A - Manifold Assault      Tloc           59%        N/A       5%          5
C - Call Canine Familiar  Summ           59%        N/A       1%          3
I - Inner Flame           Hex/Fire       59%        N/A       1%          3
R - Corpse Rot            Necr/Air       N/A        N/A       1%          2
S - Sting                 Tmut/Pois      100%       1d8       1%          1
Your spell library was empty.

Dungeon Overview and Level Annotations

Branches:
Dungeon (10/15)            Temple (1/1) D:7            Lair (3/6) D:10
Gauntlet (1/1)
  Swamp: Lair:2-4    Shoals: Lair:2-4     Snake: Lair:2-4    Spider: Lair:2-4
    Orc: D:9-12

Altars:
Ashenzari
Cheibriados
Dithmenos
Elyvilon
Fedhas
Gozag
Hepliaklqana
Kikubaaqudgha
Makhleb
Nemelex Xobeh
Okawaru
Qazlal
Ru
Sif Muna
Trog
Uskayaw
Vehumet
Wu Jian
Xom
Yredelemnul
Zin
The Shining One

Shops:
D:3 :   D:7 *=

Annotations:
Lair:3 2 transporters Gauntlet 9 transporters, 1 runed translucent door


Innate Abilities, Weirdness & Mutations

You are immune to sickness and miasma.
You are immune to poison.
Your flesh is very heat resistant. (rF++)
You are vulnerable to cold. (rC-)
You float through the air rather than walking.
You learn spells naturally, not from books.
Your magical power is your life essence.
You have superior vitality. (+4 HP)


Message History

The reaper barely misses you.
You hit the reaper but do no damage. Lightning courses through the reaper!
The reaper is moderately wounded.
The hellwing closely misses you. The hellwing barely misses you.
The reaper hits you with a +2 scythe of venom!!!
Unknown command.
You hit the reaper.
The reaper is moderately wounded.
The reaper burns!
You block the hellwing's attack. x2
Unknown command.
You barely miss the reaper.
The reaper is moderately wounded.
The reaper burns!
You block the reaper's attack.
The hellwing hits you but does no damage. x2
You hit the reaper but do no damage.
The reaper is heavily wounded.
The reaper burns!
The reaper closely misses you.
You hit the reaper. Lightning courses through the reaper!
The reaper is severely wounded.
You block the hellwing's attack. The hellwing closely misses you.
You block the reaper's attack.
You hit the reaper but do no damage.
The reaper is severely wounded.
The reaper burns!
The hellwing closely misses you. You block the hellwing's attack.
Casting: Sticky Flame (mildly dangerous; 1% risk of failure)
Confirm with . or Enter, or press ? or * to list all spells.
You miscast Manifold Assault.
You are very lightly contaminated with residual magic.
You catch a glimpse of the back of your own head.
You are magically locked in place.
The reaper burns!
The reaper hits you with a +2 scythe of venom.
You block the hellwing's attack.
The hellwing hits you but does no damage.
Casting: Manifold Assault (dangerous; 5% risk of failure)
Confirm with . or Enter, or press ? or * to list all spells.
Space momentarily warps into an impossible shape!
You hit the hellwing. You hit the reaper but do no damage.
The reaper burns!
The reaper hits you with a +2 scythe of venom!!!
You die...

#.......#.#.##.##!#...##
.♣.#
#..##...#.#...^.2[#...≈##
##..##.(#.#########...≈≈#
###.©##©#©#.........♣.≈##
#.##..###.#########...##
#..##..##.#.##.#.[#...≈##
#.......#.##.#..###.P.≈≈#
#########.##..##4##.♣.≈##
........#©#.##©#@©#.P.##
..♣P♣P♣.####.#^2###...≈##
≈..P......##..##.##...≈≈#
##..PP.P♣.#.##.#(?#.♣.≈##
#≈...P...#########.P.##
#≈≈..................≈#
####≈≈≈#≈≈≈#≈≈≈#≈≈≈#≈≈≈#
##≈###≈###≈###≈###≈## ##
### ### ### ##


You could see a cacodemon, a reaper (burning) and a hellwing.

Vanquished Creatures
  Gastronok (Lair:2)
  2 hydras
  Harold (Lair:2)
  A boulder beetle (D:10)
  A two-headed ogre (D:8)
  A death scarab (Gauntlet)
  Sonja (D:10)
  Nergalle (Lair:2)
  A spectral hydra (Gauntlet)
  The ghost of HAL9000 the Changer, a novice DrTm of Cheibriados (D:7)
  An ugly thing (D:10)
  3 centaur zombies
  Joseph (D:7)
  Maurice (D:9)
  7 cane toads
  Maggie (Lair:1)
  2 unseen horrors
  13 rime drakes
  5 komodo dragons
  A troll (D:9)
  2 hornets (D:9)
  5 blink frogs (Lair:1)
  3 shadows (Gauntlet)
  Sigmund (D:4)
  A wyvern (D:9)
  A wraith (D:8)
  14 yaks
  3 basilisks
  3 vampire mosquitoes (D:8)
  7 steam dragons (Lair:2)
  2 acid dragons
  12 water moccasins
  Duvessa (D:6)
  An orc warrior (D:9)
  2 ice beasts
  A sky beast (D:7)
  2 black bears
  A hornet zombie (D:6)
  5 wolves (Lair:2)
  3 ogres (D:4)
  2 centaurs
  2 phantoms
  4 kobold brigands
  8 bullfrogs
  A gnoll sergeant (D:7)
  8 scorpions
  A wyvern skeleton (D:6)
  Dowan (D:6)
  A water moccasin skeleton (D:4)
  17 killer bees (D:10)
  3 hounds
  A bullfrog skeleton (D:7)
  2 centaur skeletons (D:7)
  6 orc priests
  2 gnoll shamans (D:7)
  Ijyb (D:5)
  An iguana (D:4)
  8 orc wizards
  A killer bee zombie (D:6)
  A hound skeleton (D:4)
  A howler monkey zombie (D:7)
  A howler monkey skeleton (D:6)
  8 adders
  12 gnolls
  3 shadow imps
  2 white imps (D:7)
  4 worms
  3 dart slugs
  28 orcs
  5 bats
  3 endoplasms
  3 giant cockroaches
  8 hobgoblins
  3 jackals (D:5)
  8 quokkas
  6 ball pythons
  A frilled lizard (D:3)
  3 goblins
  23 kobolds
  A quokka skeleton (D:4)
  A rat (D:3)
  A foxfire (D:8)
315 creatures vanquished.

Vanquished Creatures (collateral kills)
  A queen bee (D:10)
1 creature vanquished.

Vanquished Creatures (others)
  A rime drake (Lair:2)
  632 foxfires
  37 fungi
  32 plants
702 creatures vanquished.

Grand Total: 1018 creatures vanquished

Notes
Turn   | Place    | Note
-------+----------+-------------------------------------------
     0 | D:1      | Majang the Djinni Fire Elementalist began the quest for the
                  | Orb.
     0 | D:1      | Reached XP level 1. HP: 15/15 MP: 0/0
   401 | D:1      | Reached XP level 2. HP: 15/21 MP: 0/0
  1066 | D:2      | Reached XP level 3. HP: 22/25 MP: 0/0
  1066 | D:2      | Learned a level 1 spell: Sting
  1371 | D:2      | Found a faded altar of an unknown god.
  2069 | D:2      | HP: 1/37 [orc (1)]
  2071 | D:2      | Reached XP level 4. HP: 1/31 MP: 0/0
  2880 | D:3      | Found Baonn's Book Shop.
  2904 | D:3      | Reached XP level 5. HP: 34/36 MP: 0/0
  2904 | D:3      | Learned a level 2 spell: Corpse Rot
  2979 | D:3      | Reached skill level 1 in Fighting
  3390 | D:3      | Found a glowing silver altar of Zin.
  3399 | D:3      | Reached skill level 1 in Shields
  3815 | D:3      | Reached XP level 6. HP: 25/43 MP: 0/0
  4122 | D:4      | Identified 2 scrolls of acquirement
  4122 | D:4      | Acquired a +2 pair of gloves of dexterity
  4128 | D:4      | Acquired a manual of Fighting
  4135 | D:4      | Noticed an ogre
  4158 | D:4      | Killed an ogre
  4159 | D:4      | Reached skill level 2 in Fighting
  4476 | D:4      | Reached skill level 1 in Evocations
  4476 | D:4      | Reached XP level 7. HP: 36/49 MP: 0/0
  4476 | D:4      | Learned a level 3 spell: Mephitic Cloud
  4900 | D:4      | Reached skill level 3 in Fighting
  4905 | D:4      | Reached skill level 5 in Dodging
  5161 | D:4      | Noticed Sigmund
  5423 | D:4      | Killed Sigmund
  5424 | D:4      | Reached skill level 4 in Fighting
  5424 | D:4      | Reached XP level 8. HP: 49/58 MP: 0/0
  5849 | D:4      | Upgraded the game from 0.27-a0-1497-gf8f22f7954 to
                  | 0.27-a0-1501-g9d6fb14e67
  5867 | D:5      | Entered Level 5 of the Dungeon
  5901 | D:5      | Reached skill level 5 in Fighting
  6197 | D:5      | Noticed Ijyb
  6799 | D:5      | Reached XP level 9. HP: 62/66 MP: 0/0
  6799 | D:5      | Learned a level 3 spell: Call Canine Familiar
  6881 | D:5      | Found a shimmering altar of Xom.
  6881 | D:5      | Found a snail-covered altar of Cheibriados.
  6887 | D:5      | Found a faded altar of an unknown god.
  6889 | D:5      | Found an opulent altar of Gozag.
  6890 | D:5      | Found an iron altar of Okawaru.
  6957 | D:5      | Killed Ijyb
  7164 | D:5      | Reached skill level 6 in Fighting
  7597 | D:6      | Reached skill level 5 in Spellcasting
  7628 | D:6      | Noticed Dowan
  7633 | D:6      | Noticed Duvessa
  7636 | D:6      | Killed Dowan
  7644 | D:6      | Killed Duvessa
  8145 | D:6      | Reached skill level 7 in Fighting
  8959 | D:7      | Found a staircase to the Ecumenical Temple.
  8960 | D:7      | Noticed Joseph
  8968 | Temple   | Entered the Ecumenical Temple
  9113 | D:7      | Killed Joseph
  9114 | D:7      | Reached skill level 1 in Maces & Flails
  9114 | D:7      | Reached skill level 5 in Evocations
  9175 | D:7      | Reached XP level 10. HP: 71/76 MP: 0/0
  9520 | D:7      | Reached skill level 8 in Fighting
  9626 | Temple   | Became a worshipper of Makhleb the Destroyer
  9788 | D:7      | Found a runed translucent door.
  9794 | D:7      | Noticed HAL9000's ghost (novice DrTm)
  9831 | D:7      | Killed HAL9000's ghost
 10113 | D:7      | Found Buneizu's Jewellery Shop.
 10114 | D:7      | Found Ipu Mois's Assorted Antiques.
 10377 | D:8      | Reached skill level 1 in Invocations
 10494 | D:8      | Noticed an unseen horror
 10498 | D:8      | Killed an unseen horror
 11033 | D:8      | Reached skill level 9 in Fighting
 11410 | D:7      | Reached XP level 11. HP: 58/84 MP: 0/0
 11410 | D:7      | Learned a level 5 spell: Manifold Assault
 11691 | D:8      | Noticed a two-headed ogre
 11699 | D:8      | Killed a two-headed ogre
 12411 | D:9      | Reached * piety under Makhleb
 12412 | D:9      | Reached skill level 10 in Fighting
 12839 | D:9      | Noticed Maurice
 12851 | D:9      | Killed Maurice
 13333 | D:10     | Entered Level 10 of the Dungeon
 13468 | D:10     | Acquired the amulet "Loemp" {Regen+ Stlth+}
 13519 | D:10     | Noticed Sonja
 13552 | D:10     | Killed Sonja
 13652 | D:10     | Found a staircase to the Lair.
 13676 | D:10     | Noticed a boulder beetle
 13729 | D:10     | Killed a boulder beetle
 13730 | D:10     | Reached XP level 12. HP: 89/93 MP: 0/0
 13838 | D:10     | Reached skill level 11 in Fighting
 14100 | D:10     | Found a basalt altar of Yredelemnul.
 14283 | Lair:1   | Entered Level 1 of the Lair of Beasts
 14354 | Lair:1   | Reached skill level 5 in Maces & Flails
 14513 | Lair:1   | Noticed a six-headed hydra
 14523 | Lair:1   | Killed a six-headed hydra
 14524 | Lair:1   | Reached skill level 5 in Invocations
 14542 | Lair:1   | Reached skill level 10 in Dodging
 14613 | Lair:1   | Noticed Maggie
 14636 | Lair:1   | Killed Maggie
 15187 | Lair:2   | Noticed a six-headed hydra
 15194 | Lair:2   | Killed a six-headed hydra
 15236 | Lair:2   | Noticed Nergalle
 15247 | Lair:2   | Killed Nergalle
 15302 | Lair:2   | Noticed Harold
 15318 | Lair:2   | Killed Harold
 15319 | Lair:2   | Reached skill level 12 in Fighting
 15319 | Lair:2   | Reached XP level 13. HP: 64/101 MP: 0/0
 15319 | Lair:2   | Learned a level 5 spell: Silence
 15385 | Lair:2   | Reached ** piety under Makhleb
 15806 | Lair:2   | Acquired the amulet of the Hidden Orbs {Reflect rC+ Str+2
                  | Int+4 SH+5 SInv}
 15867 | Lair:2   | Upgraded the game from 0.27-a0-1501-g9d6fb14e67 to
                  | 0.27-a0-1512-g99fd57bada
 16093 | Lair:2   | Noticed Gastronok
 16111 | Lair:2   | Killed Gastronok
 16229 | Lair:3   | Found a transporter.
 16231 | Lair:3   | Found a transporter.
 16232 | Lair:3   | Noticed a boulder beetle
 16232 | Lair:3   | Noticed a boulder beetle
 16325 | Lair:3   | Found a gate leading to a gauntlet.
 16336 | Gauntlet | Entered a Gauntlet
 16336 | Gauntlet | Found a transporter.
 16339 | Gauntlet | Found a transporter.
 16341 | Gauntlet | Found a transporter.
 16358 | Gauntlet | Found a transporter.
 16361 | Gauntlet | Noticed a reaper
 16364 | Gauntlet | Found a transporter.
 16368 | Gauntlet | Found a transporter.
 16383 | Gauntlet | Found a transporter.
 16386 | Gauntlet | Noticed a cacodemon
 16387 | Gauntlet | Found a transporter.
 16407 | Gauntlet | Found a transporter.
 16421 | Gauntlet | Found a transporter.
 16421 | Gauntlet | Found a transporter.
 16429 | Gauntlet | Found a transporter.
 16467 | Gauntlet | Found a transporter.
 16472 | Gauntlet | Found a transporter.
 16477 | Gauntlet | Found a runed translucent door.
 16574 | Gauntlet | Reached skill level 13 in Fighting
 16683 | Gauntlet | Slain by a reaper

Illustrated notes

Levels and vault maps discovered:
D:1:      dpeg_arrival_tiny_f, layout_basic
D:2:      layout_loops_ring, dreamdust_ecumenical_altar_angels_and_demons,
          minmay_fountain_box
D:3:      layout_basic, mainiacjoe_overflow_tiny_flanked, serial_curves,
          eino_curves_03, eino_curves_02, serial_shops,
          nicolae_shop_temple_entry_statues_fountains, corner_web_ring,
          minmay_increasing_density
D:4:      layout_basic, chequers_mini_garden, uniq_sigmund
D:5:      layout_cave_pools, chequers_temple_overflow_minitemple, uniq_ijyb
D:6:      layout_basic, minmay_misc_feat_diagonals, uniq_duvessa
D:7:      layout_loops_ring, minmay_temple_entry_ruins,
          ebering_ghost_reflecting_pool, serial_shops, shop, shop,
          minmay_joined_circles, uniq_joseph
D:8:      layout_basic, minmay_misc_feat_tower, minmay_crystal_water,
          hangedman_decor_opposing
D:9:      layout_basic, hangedman_decor_slide_cut, uniq_maurice
D:10:     layout_irregular_city, mainiacjoe_overflow_alcove_4,
          due_lair_maze_entry_diamond, minivault_7, uniq_sonja
Temple:   regret_index_temple_sphere_string
Lair:1:   layout_cellular_growth, grunt_megastairs_1, lemuel_fruit_tree,
          uniq_maggie
Lair:2:   layout_regular_city, bobbens_dragon_lair_wall, uniq_gastronok,
          uniq_nergalle, uniq_harold
Lair:3:   gammafunk_boulding_lane, layout_regular_city,
          minmay_shoals_entry_centaurs, spider_nest_entry_web_field,
          gauntlet_entry_generic
Gauntlet: minmay_gauntlet_77_tree [minmay_gauntlet_arena_77_squiggly,
          minmay_gauntlet_arena_77_two_lines,
          minmay_gauntlet_arena_77_radiant_squares,
          minmay_gauntlet_arena_77_tiled_triplets,
          minmay_gauntlet_arena_77_braids, minmay_gauntlet_arena_77_mirror,
          minmay_gauntlet_arena_77_path, gauntlet_exit_hidden_loot]

Skill      XL: |  1  2  3  4  5  6  7  8  9 10 11 12 13 |
---------------+----------------------------------------+-----
Dodging        | 3 4 5 6 7 8 9 10 11 | 11.1
Spellcasting   | 3 4 5 6 7 8 |  8.2
Fighting       | 1 2 4 5 7 9 10 12 13 | 13.0
Shields        | 1 2 4 |  4.0
Evocations     | 1 2 3 5 6 7 8 9 |  9.3
Maces & Flails | 1 3 4 5 6 |  6.6
Invocations    | 2 4 6 7 |  7.2
Stealth        | |  1.5

Action                   |  1- 3 |  4- 6 |  7- 9 | 10-12 | 13-15 || total
-------------------------+-------+-------+-------+-------+-------++-------
Melee: Unarmed           |     1 |       |       |       |       ||     1
       Dagger            |    14 |    31 |    38 |       |       ||    83
       Hand axe          |       |       |    23 |       |       ||    23
       Whip              |       |       |     4 |   197 |    82 ||   283
 Cast: Foxfire           |    59 |    65 |   144 |   116 |     2 ||   386
       Conjure Flame     |       |     2 |    10 |    16 |     4 ||    32
       Inner Flame       |       |     1 |     3 |     4 |       ||     8
       Mephitic Cloud    |       |       |    13 |    42 |    21 ||    76
       Sticky Flame      |       |       |    17 |    55 |    26 ||    98
       Fireball          |       |       |       |    56 |    27 ||    83
       Call Canine Famil |       |       |       |     3 |       ||     3
       Manifold Assault  |       |       |       |     4 |     7 ||    11
Evoke: Wand              |       |     1 |       |     8 |       ||     9
       Box of beasts     |       |       |       |       |     1 ||     1
  Use: Potion            |     1 |       |       |       |       ||     1
       Scroll            |       |     8 |     6 |    14 |     3 ||    31
 Stab: Sleeping          |       |     3 |     2 |     2 |       ||     7
       Confused          |       |       |     4 |    15 |     4 ||    23
       Distracted        |       |       |       |     1 |       ||     1
Armor: Skin              |    10 |     4 |       |       |       ||    14
       Robe              |       |     4 |    21 |    22 |       ||    47
       Troll leather arm |       |       |       |    28 |    14 ||    42
Dodge: Dodged            |     9 |    22 |    82 |   159 |    50 ||   322
Block: Buckler           |       |     4 |    31 |    56 |    38 ||   129

Table legend: (Time is in decaauts)
 A = Elapsed time spent in this place.
 B = Non-inter-level travel time spent in this place.
 C = Inter-level travel time spent in this place.
 D = Time resting spent in this place.
 E = Time spent auto-exploring this place.
 F = Levels seen in this place.
 G = Mean time per level.
                   A        B        C        D        E       F      G
               +--------+--------+--------+--------+--------+-----+--------+
         Total |  16725 |  16264 |    461 |   4877 |   8021 |  15 | 1115.0 |
       Dungeon |  14105 |  13816 |    289 |   4775 |   6819 |  10 | 1410.5 |
        Temple |    187 |    138 |     49 |      0 |      0 |   1 |  187.0 |
          Lair |   2089 |   1966 |    123 |     67 |   1202 |   3 |  696.3 |
      Gauntlet |    343 |    343 |      0 |     35 |      0 |   1 |  343.0 |
               +--------+--------+--------+--------+--------+-----+--------+

Top non-repeatable levels by time:
     D:4: 2258 daAuts
     D:7: 1953 daAuts
     D:3: 1813 daAuts
     D:8: 1678 daAuts
     D:2: 1517 daAuts
     D:1: 1270 daAuts
     D:9: 1024 daAuts
     D:6: 1003 daAuts
  Lair:2: 1002 daAuts
  Lair:1: 963 daAuts
    D:10: 910 daAuts
     D:5: 675 daAuts
Gauntlet: 343 daAuts
  Temple: 187 daAuts
  Lair:3: 122 daAuts
